 Dungeon Crawl Stone Soup version 0.28-a0-793-g31680bbd8b (webtiles) character file.

Game seed: 6306050691418456586

20436 ytrimaz the Cleaver (level 12, 0/141 HPs)
             Began as a Demonspawn Fighter on Nov 3, 2021.
             Was an Initiate of Gozag.
             Killed from afar by a starcursed mass (10 damage)
             ... with an accursed screaming
             ... on level 2 of the Abyss.
             The game lasted 00:24:57 (11242 turns).

ytrimaz the Cleaver (Demonspawn Fighter)           Turns: 11242, Time: 00:24:58

Health: 0/141      AC: 30    Str: 21    XL:     12   Next: 45%
Magic:  0/12       EV:  2    Int:  9    God:    Gozag
Gold:   206        SH:  5    Dex: 14    Spells: 11/11 levels left

rFire   + . .      SeeInvis +   k - +1 hand axe (vorpal)
rCold   + . .      Faith    .   c - +0 buckler
rNeg    . . .      Spirit   +   (armour currently unavailable)
rPois   +          Reflect  .   (helmet currently unavailable)
rElec   +          Harm     .   (cloak currently unavailable)
rCorr   +          Rampage  .   (gloves currently unavailable)
Will    .....      NoTele   +   (boots currently unavailable)
Stlth   +.........              e - amulet of regeneration
HPRegen 1.33/turn               x - ring of see invisible
MPRegen 0.26/turn               h - +4 ring of protection

@: mighty, tree-form, resistant, hasted and slowed, studying Slings
A: stationary, stasis, torment immunity, boosted hp, (horns 2), foul stench 1,
magic shield, magic regeneration, (sanguine armour 2), [screaming 1], [subdued
magic 3]
a: Renounce Religion, Potion Petition, Call Merchant, Bribe Branch


You were on level 2 of the Abyss.
You worshipped Gozag.
Gozag was aware of your devotion.
You were a tree.
You visited 2 branches of the dungeon, and saw 14 of its levels.
You visited the Abyss 1 time.
You also visited: Sewer, Ossuary and Bailey.

You collected 3113 gold pieces.
You spent 1113 gold pieces at shops.
You paid 1794 gold pieces to Gozag.

Inventory:

Hand Weapons
 k - a +1 vorpal hand axe (weapon)
 w - a +0 war axe
 D - a +0 battleaxe
Missiles
 r - 2 throwing nets
Armour
 c - a +0 buckler (worn)
 g - a +0 pair of boots (melded)
 i - a +2 pair of gloves (melded)
 l - a +4 ring mail (melded)
 m - a +0 plate armour
 U - a +0 cloak (melded)
Jewellery
 e - an amulet of regeneration (around neck)
 f - a ring of flight
 h - a +4 ring of protection (right branch)
 t - a ring of resist corrosion
 x - a ring of see invisible (left branch)
 L - the amulet of Moefoiso {rPois rC- Regen+ Dex+2}
   (You took it off a gnoll on level 8 of the Dungeon)

   [amulet of regeneration]

   Dex:       It affects your dexterity (+2).
   rC:        It makes you vulnerable to cold.
   rPois:     It protects you from poison.
   Regen:     It increases your rate of health regeneration.
 O - a ring of magical power
 R - the ring of Activism {rElec rC- Will+++ Str+6 Stlth+}
   (You bought it in a shop on level 1 of the Dungeon)

   [ring of strength]

   Str:       It affects your strength (+6).
   rC:        It makes you vulnerable to cold.
   rElec:     It insulates you from electricity.
   Will:      It greatly increases your willpower.
   Stlth:     It makes you more stealthy.
 T - a ring of fire
Wands
 o - a wand of digging (2)
 s - a wand of mindburst (19)
 G - a wand of charming (26)
 M - a wand of polymorph (24)
 N - a wand of paralysis (7)
Scrolls
 a - a scroll of identify
 b - 11 scrolls of noise
 d - a scroll of blinking
 j - 2 scrolls of immolation
 p - a scroll of magic mapping
 u - 10 scrolls of teleportation
 v - 2 scrolls of fog
 y - 5 scrolls of silence
 B - 3 scrolls of amnesia
 C - a scroll of fear
 E - 3 scrolls of enchant weapon
 H - a scroll of enchant armour
Potions
 n - 5 potions of flight
 z - 4 potions of curing
 A - a potion of cancellation
 J - a potion of haste
 K - a potion of ambrosia
Miscellaneous
 Q - a phantom mirror


   Skills:
 + Level 8.5 Fighting
 - Level 1.7 Short Blades
 + Level 11.1 Axes
 * Level 9.6 Armour
 * Level 10.1 Dodging
 - Level 4.0 Shields
 - Level 0.1 Evocations


You had 11 spell levels left.
You didn't know any spells.
Your spell library contained the following spells:

 Spells                   Type           Power      Damage    Failure   Level
 Animate Skeleton         Necr           0%         N/A       26%         1
 Apportation              Tloc           0%         N/A       26%         1
 Shock                    Conj/Air       0%         1d3       26%         1
 Slow                     Hex            0%         N/A       26%         1
 Summon Small Mammal      Summ           0%         N/A       26%         1
 Corpse Rot               Necr/Air       0%         N/A       38%         2
 Ensorcelled Hibernation  Hex/Ice        0%         N/A       38%         2
 Passwall                 Tmut/Erth      0%         N/A       38%         2
 Sublimation of Blood     Necr           0%         N/A       38%         2
 Wereblood                Tmut           0%         N/A       38%         2
 Confusing Touch          Hex            0%         N/A       65%         3
 Stone Arrow              Conj/Erth      0%         3d7       65%         3
 Swiftness                Air            0%         N/A       65%         3
 Tukima's Dance           Hex            0%         N/A       65%         3
 Airstrike                Air            0%         N/A       97%         4
 Animate Armour           Summ/Erth      0%         N/A       97%         4
 Dispel Undead            Necr           0%         3d6       97%         4
 Yara's Violent Unravell  Hex/Tmut       0%         3d3       100%        5
 Death Channel            Necr           0%         N/A       100%        6
 Invisibility             Hex            0%         N/A       100%        6
 Summon Hydra             Summ           0%         N/A       100%        7
 Lehudib's Crystal Spear  Conj/Erth      0%         10d2      100%        8


Dungeon Overview and Level Annotations

Branches:
Dungeon (13/15)            Temple (1/1) D:4            Lair (0/6) D:9
    Orc (0/2) D:9           Sewer (visited)         Ossuary (visited)
 Bailey (visited)
 Vaults: D:13-14

Altars:
Ashenzari
Cheibriados
Dithmenos
Elyvilon
Fedhas
Gozag
Hepliaklqana
Kikubaaqudgha
Makhleb
Nemelex Xobeh
Okawaru
Qazlal
Ru
Sif Muna
Trog
Uskayaw
Vehumet
Wu Jian
Xom
Yredelemnul
Zin
The Shining One

Shops:
D:1 =   D:11 ?

Annotations:
D:13 Sonja, Urug


Innate Abilities, Weirdness & Mutations

You are a tree.
Your roots penetrate the ground, keeping you stationary.
You cannot be teleported.
You are immune to unholy pain and torment.
Your maximum health is greatly increased.
Your equipment is partially melded.
((You have a pair of horns on your head.))
You may rarely emit foul miasma when damaged in melee.
When hurt, damage is shared between your health and your magic reserves.
You regenerate magic rapidly.
((When seriously injured, your bleeding wounds create thick armour. (AC +0)))
[You occasionally shout uncontrollably at your foes.]
[Your spells are much easier to cast, but much less powerful.]


Message History

You miss the sixfirhy.
The starcursed mass shudders and is absorbed by its neighbour.
The sixfirhy hits you but does no damage. x2
A starcursed mass splits.
An ancient zyme comes into view.
Unknown command.
Okay, then.
Welcome back, ytrimaz the Demonspawn Fighter.
Gozag says: Greed is good.
Press ? for a list of commands and other information.
Okay, then.
Unknown command.
Okay, then.
Okay, then.
You feel protected. A chorus of shrieks assaults your mind.
* * * LOW HITPOINT WARNING * * *
The cacodemon hits you.
* * * LOW HITPOINT WARNING * * *
The cacodemon hits you but does no damage.
You block the starcursed mass's attack.
Unknown command.
Unknown command.
Unknown command.
You hit the cacodemon.
The cacodemon is lightly wounded.
You hit the sixfirhy but do no damage. You hit the sixfirhy.
You hit the starcursed mass but do no damage.
The sixfirhy hits you but does no damage. x2
The cacodemon hits you but does no damage. x2
The starcursed mass touches you!
* * * LOW HITPOINT WARNING * * *
You feel better.
The sixfirhy hits you but does no damage. x3
You block the sixfirhy's attack.
The sixfirhy hits you but does no damage. x2
The cacodemon hits you but does no damage. x2
A chorus of shrieks assaults your mind.
You die...
Your body crumbles into a pile of gold.

# .. .. . # ..
. . . .# . ..##
## x.. . .# .
##X####zz... .
....
#XX♣3zzz... .
.....
.....X#23##z...
##.##.#3..# .
#.. ...#... . #
. .. .#...#.# #
X . .#.##.... F
# ... ... # ##
. )# # . # . .
.


You could see 4 starcursed masses, a cacodemon, an ancient zyme, 3 sixfirhies
and 6 flying skulls.

Vanquished Creatures
  A tentacled starspawn (Abyss:2)
  3 two-headed ogres
  2 thrashing horrors (Abyss:2)
  4 skeletal warriors (D:12)
  A wretched star (Abyss:2)
  The ghost of pigah the Zephyrmancer, a novice OpWn of Sif Muna (D:8)
  Pikel (D:6)
  A deep elf pyromancer (D:12)
  An ugly thing (D:11)
  A manticore (D:12)
  A cyclops (D:12)
  An unseen horror (D:12)
  6 trolls
  2 blink frogs (Abyss:2)
  4 slime creatures (D:12)
  A meliai zombie (D:10)
  A vampire (D:9)
  A wraith (D:10)
  4 shadows
  10 yaks
  4 vampire mosquitoes (D:12)
  A steam dragon (D:7)
  A water moccasin (D:9)
  2 wargs
  7 orc warriors
  2 ice beasts (D:7)
  A necrophage (D:6)
  10 centaurs
  A kobold brigand (Sewer)
  5 gnoll sergeants
  2 scorpions
  A bullfrog (D:8)
  A wyvern zombie (D:6)
  3 killer bees (D:8)
  An electric eel (D:10)
  5 wights (D:8)
  10 howler monkeys
  4 starcursed masses (Abyss:2)
  6 centaur zombies
  A bullfrog zombie (D:7)
  2 human zombies
  4 orc priests
  Crazy Yiuf (D:2)
  A gnoll shaman (D:8)
  2 centaur skeletons (D:5)
  3 hounds
  2 human skeletons (D:7)
  2 iguanas
  3 small abominations (Abyss:2)
  6 orc wizards
  Terence (D:3)
  A hound skeleton (D:4)
  5 mummies (Ossuary)
  A howler monkey zombie (D:8)
  2 howler monkey skeletons
  27 gnolls
  2 river rats (Sewer)
  An adder (D:4)
  A shadow imp (D:8)
  3 white imps
  2 ufetubi
  3 worms
  A dart slug (D:2)
  23 orcs
  6 ball pythons
  7 endoplasms
  5 giant cockroaches
  14 goblins
  10 hobgoblins
  4 jackals
  21 kobolds
  6 quokkas
  6 bats
  3 frilled lizards
  A gnoll zombie (Ossuary)
  A hobgoblin zombie (Ossuary)
  2 kobold zombies (Ossuary)
  3 orc skeletons (D:7)
  2 orc zombies (Ossuary)
  8 rats
  A starspawn tentacle (Abyss:2)
314 creatures vanquished.

Vanquished Creatures (others)
  A lurking horror (Abyss:2)
  6 plants (D:8)
  6 starspawn tentacles (Abyss:2)
13 creatures vanquished.

Grand Total: 327 creatures vanquished

Notes
Turn   | Place    | Note
-------+----------+-------------------------------------------
     0 | D:1      | ytrimaz the Demonspawn Fighter began the quest for the Orb.
     0 | D:1      | Reached XP level 1. HP: 18/18 MP: 1/1
   235 | D:1      | Gained mutation: When seriously injured, your bleeding
                  | wounds create armour. (AC +0) [demonic ancestry]
   235 | D:1      | Reached XP level 2. HP: 21/24 MP: 2/2
   238 | D:1      | You are sucked into a shaft and drop 1 floor!
   480 | D:1      | Reached XP level 3. HP: 26/29 MP: 3/3
   883 | D:1      | Found Angeit's Jewellery Emporium.
  1333 | D:2      | Found a runed translucent door.
  1334 | D:2      | Noticed Crazy Yiuf
  1552 | D:2      | Killed Crazy Yiuf
  1553 | D:2      | Reached skill level 1 in Dodging
  1553 | D:2      | Gained mutation: You have a pair of small horns on your
                  | head. [demonic ancestry]
  1553 | D:2      | Reached XP level 4. HP: 35/35 MP: 4/4
  1956 | D:3      | Gained mutation: You regenerate magic rapidly. [demonic
                  | ancestry]
  1956 | D:3      | Reached XP level 5. HP: 41/41 MP: 5/5
  2457 | D:3      | Noticed Terence
  2469 | D:3      | Killed Terence
  2621 | D:4      | Found a staircase to the Ecumenical Temple.
  2686 | D:4      | Reached skill level 1 in Axes
  2832 | D:4      | Noticed a centaur
  2845 | D:4      | Killed a centaur
  2846 | D:4      | Gained mutation: You may rarely emit foul miasma when
                  | damaged in melee. [demonic ancestry]
  2846 | D:4      | Reached XP level 6. HP: 41/47 MP: 6/6
  2916 | D:4      | Found a glowing drain.
  2925 | Sewer    | Entered a sewer
  3015 | Sewer    | Reached skill level 2 in Axes
  3307 | D:4      | Reached XP level 7. HP: 53/53 MP: 7/7
  3340 | Temple   | Entered the Ecumenical Temple
  3491 | Temple   | Became a worshipper of Gozag Ym Sagoz the Greedy
  3533 | D:5      | Entered Level 5 of the Dungeon
  3778 | D:5      | Reached skill level 3 in Axes
  4016 | D:5      | Reached skill level 5 in Armour
  4402 | D:6      | Noticed a troll
  4414 | D:6      | Killed a troll
  4415 | D:6      | Reached skill level 4 in Axes
  4415 | D:6      | Gained mutation: You have a pair of horns on your head.
                  | [demonic ancestry]
  4415 | D:6      | Reached XP level 8. HP: 27/60 MP: 8/8
  4417 | D:6      | Noticed Pikel
  4424 | D:6      | HP: 3/60 [disintegration (5)]
  4428 | D:6      | Killed Pikel
  4429 | D:6      | Reached skill level 5 in Axes
  4429 | D:6      | Reached skill level 5 in Dodging
  4637 | D:6      | Found a shadowy altar of Dithmenos.
  4912 | D:7      | Gained mutation: When hurt, damage is shared between your
                  | health and your magic reserves. [demonic ancestry]
  4912 | D:7      | Reached XP level 9. HP: 66/66 MP: 9/9
  5076 | D:7      | Found a sand-covered staircase.
  5088 | Ossuary  | Entered an ossuary
  5249 | Ossuary  | Reached skill level 6 in Axes
  5966 | D:8      | Reached skill level 5 in Fighting
  6252 | D:8      | Found a transporter.
  6252 | D:8      | Found a transporter.
  6424 | D:8      | Noticed pigah's ghost (novice OpWn)
  6526 | D:8      | Identified the amulet of Moefoiso {rPois rC- Regen+ Dex+2}
  6686 | D:9      | Noticed a two-headed ogre
  6687 | D:9      | Reached skill level 7 in Axes
  6782 | D:8      | Killed pigah's ghost
  6783 | D:8      | Reached XP level 10. HP: 74/74 MP: 8/10
  7145 | D:9      | Reached skill level 8 in Axes
  7205 | D:9      | Found a staircase to the Orcish Mines.
  7238 | D:9      | Found a staircase to the Lair.
  7493 | D:9      | Noticed a two-headed ogre
  7506 | D:9      | Killed a two-headed ogre
  7679 | D:10     | Entered Level 10 of the Dungeon
  7946 | D:10     | Reached skill level 9 in Axes
  8570 | D:11     | Found a flagged portal.
  8576 | D:11     | Found Dosonali's Magic Scroll Shoppe.
  8600 | Bailey   | Entered a bailey
  8634 | Bailey   | Reached XP level 11. HP: 67/83 MP: 7/11
  9110 | D:1      | Bought the ring of Activism {rElec rC- Will+++ Str+6
                  | Stlth+} for 1113 gold pieces
  9561 | D:11     | Noticed a red ugly thing
  9579 | D:11     | Killed a red ugly thing
  9580 | D:11     | Noticed a two-headed ogre
  9595 | D:11     | Killed a two-headed ogre
 10231 | D:12     | Reached skill level 10 in Axes
 10402 | D:12     | Noticed a skeletal warrior
 10403 | D:12     | Noticed a skeletal warrior
 10405 | D:12     | Noticed a skeletal warrior
 10423 | D:12     | Killed a skeletal warrior
 10429 | D:12     | Killed a skeletal warrior
 10449 | D:12     | Killed a skeletal warrior
 10456 | D:12     | Noticed a skeletal warrior
 10486 | D:12     | Killed a skeletal warrior
 10564 | D:12     | Gained mutation: When seriously injured, your bleeding
                  | wounds create thick armour. (AC +0) [demonic ancestry]
 10564 | D:12     | Reached XP level 12. HP: 38/92 MP: 5/12
 10780 | D:12     | Noticed a two-headed ogre
 10791 | D:12     | Killed a two-headed ogre
 11014 | D:13     | Noticed Sonja
 11014 | D:13     | Noticed Urug
 11018 | D:13     | Cast into level 2 of the Abyss (Sonja)
 11139 | Abyss:2  | Noticed a starcursed mass
 11151 | Abyss:2  | Noticed a tentacled starspawn
 11174 | Abyss:2  | Reached skill level 10 in Dodging
 11193 | Abyss:2  | Paralysed by accursed screaming for 1 turns
 11215 | Abyss:2  | Killed a tentacled starspawn
 11216 | Abyss:2  | Reached skill level 11 in Axes
 11223 | Abyss:2  | Noticed a cacodemon
 11233 | Abyss:2  | HP: 4/94 [cacodemon (4)]
 11241 | Abyss:2  | HP: 2/141 [starcursed mass (9)]
 11242 | Abyss:2  | Killed from afar by a starcursed mass

Illustrated notes

Levels and vault maps discovered:
D:1:      ncdulo_halloftheorcs, layout_basic, serial_shops,
          nicolae_shop_waterfront
D:2:      layout_loops_ring, hangedman_decor_diamond_cutter,
          minmay_pentomino_pile, uniq_crazy_yiuf_cottage
D:3:      layout_basic, grunt_ministairs_1, kennysheep_flooded_box,
          minmay_goblin_kobold_house, uniq_terence
D:4:      layout_rooms, temple_statues, cheibrodos_sewer_entry_bend,
          hangedman_decor_clover_reticule
D:5:      layout_basic, kennysheep_crisscross
D:6:      layout_basic, nicolae_dithmenos_the_darkroom, minmay_circle_x,
          uniq_pikel
D:7:      layout_cave_pools, nicolae_ossuary_entry_catacombs, serial_rivers,
          chequers_serial_rivers_micro_e, chequers_serial_rivers_micro_c,
          chequers_serial_rivers_marsh, chequers_serial_rivers_room_b,
          chequers_serial_rivers_micro_d, hellmonk_bongcloud_opening,
          kennysheep_generic_room_9
D:8:      layout_loops_ring, gammafunk_ghost_gnarly_gnolls
D:9:      layout_irregular_city, erik_lair_orcish_takeover, orc_0_dummy
D:10:     layout_cave_pools, nrook_pool_corridor, lemuel_flamethrower_2
D:11:     layout_basic, enter_bailey_2, serial_shops,
          nicolae_shop_temple_entry_statues_fountains
D:12:     layout_rooms
D:13:     layout_irregular_city, lightli_vaults_fourway_checkpoint,
          nicolae_wu_jian_immortal_techniques, uniq_kirke, uniq_sonja,
          uniq_snorg, uniq_urug
Temple:   kilobyte_greek_temple
Abyss:2:  base: D:4, base:
D:4

Skill      XL: |  1  2  3  4  5  6  7  8  9 10 11 12 |
---------------+-------------------------------------+-----
Armour         | 3 4 5 6 7 8 9 |  9.6
Shields        | 3 4 |  4.0
Dodging        | 1 2 4 5 7 9 10 | 10.1
Axes           | 1 2 4 5 7 9 10 11 | 11.1
Fighting       | 4 5 6 7 8 |  8.5
Short Blades   | |  1.7
Evocations     | |  0.1

Action                   |  1- 3 |  4- 6 |  7- 9 | 10-12 || total
-------------------------+-------+-------+-------+-------++-------
Melee: Rapier            |    77 |       |       |       ||    77
       Hand axe          |    54 |   178 |   379 |   739 ||  1350
       Headbutt          |       |    39 |    83 |   166 ||   288
Invok: Potion Petition   |       |       |       |     4 ||     4
Evoke: Wand              |       |       |       |    11 ||    11
  Use: Scroll            |     3 |     5 |     6 |     8 ||    22
       Potion            |       |       |     8 |    15 ||    23
 Stab: Distracted        |       |       |     3 |     5 ||     8
       Invisible         |       |       |       |    24 ||    24
Armor: Scale mail        |    31 |       |       |       ||    31
       Ring mail         |    38 |    91 |   186 |   341 ||   656
       Skin              |       |       |       |    61 ||    61
Dodge: Dodged            |    73 |   113 |   260 |   474 ||   920
Block: Buckler           |    36 |    47 |   103 |   178 ||   364

Table legend: (Time is in decaauts)
 A = Elapsed time spent in this place.
 B = Non-inter-level travel time spent in this place.
 C = Inter-level travel time spent in this place.
 D = Time resting spent in this place.
 E = Time spent auto-exploring this place.
 F = Levels seen in this place.
 G = Mean time per level.
                   A        B        C        D        E       F      G
               +--------+--------+--------+--------+--------+-----+--------+
         Total |  11302 |  10378 |    924 |    454 |   6303 |  18 |  627.9 |
       Dungeon |  10107 |   9216 |    891 |    294 |   6047 |  13 |  777.5 |
        Temple |    188 |    155 |     33 |      0 |    137 |   1 |  188.0 |
         Abyss |    213 |    213 |      0 |     43 |      6 |   1 |  213.0 |
         Sewer |    196 |    196 |      0 |      0 |    113 |   1 |  196.0 |
       Ossuary |    301 |    301 |      0 |      0 |      0 |   1 |  301.0 |
        Bailey |    294 |    294 |      0 |    117 |      0 |   1 |  294.0 |
               +--------+--------+--------+--------+--------+-----+--------+

Top non-repeatable levels by time:
     D:3: 1104 daAuts
     D:1: 993 daAuts
    D:12: 953 daAuts
     D:5: 938 daAuts
     D:9: 919 daAuts
     D:8: 883 daAuts
     D:7: 813 daAuts
    D:10: 779 daAuts
    D:11: 760 daAuts
     D:2: 752 daAuts
     D:4: 638 daAuts
     D:6: 566 daAuts
 Ossuary: 301 daAuts
  Bailey: 294 daAuts
 Abyss:2: 213 daAuts
